 Dungeon Crawl Stone Soup version 0.28-a0-1513-ge4f4046303 (webtiles) character file.

Game seed: 13265560134459353542

771 nullMove the Chopper (level 7, 0/62 HPs)
             Began as a Hill Orc Fighter on Jan 16, 2022.
             Slain by a hornet (14 damage)
             ... on level 5 of the Dungeon.
             The game lasted 00:17:06 (4084 turns).

nullMove the Chopper (Hill Orc Fighter)             Turns: 4084, Time: 00:17:07

Health: 0/62       AC:  8    Str: 21    XL:     7   Next: 83%
Magic:  7/7        EV:  9    Int:  8    God:
Gold:   168        SH:  5    Dex: 10    Spells: 6/6 levels left

rFire   . . .      SeeInvis .   a - +0 war axe
rCold   + . .      Faith    .   c - +0 buckler
rNeg    . . .      Spirit   .   b - +0 scale mail
rPois   .          Reflect  .   (no helmet)
rElec   .          Harm     .   (no cloak)
rCorr   .          Rampage  .   (no gloves)
Will    .....                   m - +0 pair of boots
Stlth   ..........              (no amulet)
HPRegen 0.20/turn               v - ring of protection from cold
MPRegen 0.10/turn               (no ring)

@: slowed, very slow
A: no striking features
a: no special abilities


You were on level 5 of the Dungeon.
You visited 1 branch of the dungeon, and saw 5 of its levels.

You collected 210 gold pieces.
You spent 42 gold pieces at shops.

Inventory:

Hand Weapons
 a - a +0 war axe (weapon)
 p - a +0 hand axe of flaming
 q - a +2 scythe of venom
Armour
 b - a +0 scale mail (worn)
 c - a +0 buckler (worn)
 k - a +0 pair of boots
 m - a +0 pair of boots (worn)
Jewellery
 v - a ring of protection from cold (left hand)
 w - a ring of ice
Wands
 l - a wand of paralysis (8)
Scrolls
 e - 2 scrolls of teleportation
 f - 3 scrolls of identify
 n - a scroll of immolation {unknown}
 o - a scroll of brand weapon {unknown}
 r - a scroll of magic mapping {unknown}
 u - a scroll of fear {unknown}
 x - a scroll of acquirement {unknown}
Potions
 d - a potion of might
 g - 2 potions of magic
 h - 2 potions of curing
 i - a potion of lignification {unknown}
 j - a potion of ambrosia {unknown}
 s - a potion of attraction {unknown}
 t - a potion of haste {unknown}


   Skills:
 + Level 5.7 Fighting
 * Level 7.4 Axes
 + Level 5.2 Armour
 + Level 5.2 Shields


You had 6 spell levels left.
You didn't know any spells.
Your spell library contained the following spells:

 Spells                   Type           Power      Damage    Failure   Level
 Slow                     Hex            0%         N/A       82%         1
 Confusing Touch          Hex            0%         N/A       99%         3
 Dazzling Flash           Conj/Hex       0%         N/A       99%         3
 Gell's Gravitas          Tloc           0%         N/A       99%         3
 Lesser Beckoning         Tloc           0%         N/A       99%         3
 Teleport Other           Tloc           0%         N/A       99%         3
 Vampiric Draining        Necr           0%         2d6       99%         3
 Iskenderun's Mystic Bla  Conj/Tloc      0%         2d3       100%        4
 Starburst                Conj/Fire      0%         6d3       100%        6


Dungeon Overview and Level Annotations

Branches:
Dungeon (5/15)
 Temple: D:4-7

Altars:
Elyvilon

Shops:
D:1 :   D:2 *   D:5 =


Message History

You hit the hornet but do no damage.
You feel yourself speed up.
You feel very sick. The hornet stings you.
You feel yourself slow down. The hornet barely misses you.
The hornet stings you.
You feel as though you will be slow longer.
You barely miss the hornet.
You feel yourself speed up.
You feel sick. The hornet stings you!
* * * LOW HITPOINT WARNING * * *
You are more poisoned.
You suddenly lose the ability to move!
The hornet stings you.
* * * LOW HITPOINT WARNING * * *
You are more poisoned.
You feel yourself slow down.
* * * LOW HITPOINT WARNING * * *
You feel very sick. The hornet stings you.
* * * LOW HITPOINT WARNING * * *
You feel as though you will be slow longer.
The hornet stings you.
* * * LOW HITPOINT WARNING * * *
You are more poisoned.
You feel as though you will be slow longer.
You can move again.
It was a potion of curing.
You feel better.
The hornet stings you but does no damage.
The hornet stings you.
* * * LOW HITPOINT WARNING * * *
You feel as though you will be slow longer.
Unknown command.
As you read the scroll labelled SUILEFRASKIETT, it crumbles to dust.
It is a scroll of identify.
g - 2 potions of magic The hornet misses you.
The hornet stings you.
* * * LOW HITPOINT WARNING * * *
You are lethally poisoned!
You feel as though you will be slow longer.
You feel better. The hornet stings you!
You die...

#########
#.....y@#
##.####.#
#.# #.#
#.# #.#
#.#..
#.#.###
#.#.#..


You could see a hornet.

Vanquished Creatures
  Grinder (D:3)
  Sigmund (D:3)
  Menkaure (D:4)
  A necrophage (D:4)
  A howler monkey (D:2)
  A jelly (D:4)
  A hound (D:4)
  A hound skeleton (D:5)
  Robin (D:3)
  3 adders (D:2)
  A white imp (D:5)
  4 worms (D:2)
  An adder skeleton (D:4)
  A dart slug (D:4)
  6 orcs (D:3)
  5 ball pythons
  4 endoplasms (D:1)
  4 giant cockroaches
  8 hobgoblins
  3 quokkas
  3 bats
  2 frilled lizards (D:1)
  9 goblins
  A kobold (D:1)
  4 rats
68 creatures vanquished.

Notes
Turn   | Place    | Note
-------+----------+-------------------------------------------
     0 | D:1      | nullMove the Hill Orc Fighter began the quest for the Orb.
     0 | D:1      | Reached XP level 1. HP: 19/19 MP: 1/1
   127 | D:1      | Reached skill level 3 in Axes
   149 | D:1      | Reached XP level 2. HP: 27/27 MP: 2/2
   379 | D:1      | Found a faded altar of an unknown god.
   555 | D:1      | Found Etuikiol's Book Boutique.
   820 | D:2      | Reached XP level 3. HP: 25/33 MP: 3/3
  1135 | D:2      | Reached skill level 4 in Axes
  1135 | D:2      | Reached XP level 4. HP: 28/40 MP: 4/4
  1552 | D:2      | Found Wiegom's General Store.
  1559 | D:2      | Bought a scroll of teleportation for 42 gold pieces
  1630 | D:3      | Noticed Robin
  1633 | D:3      | Reached XP level 5. HP: 47/47 MP: 5/5
  1845 | D:3      | Killed Robin
  2147 | D:3      | Noticed Sigmund
  2164 | D:3      | Killed Sigmund
  2165 | D:3      | Reached skill level 5 in Axes
  2165 | D:3      | Reached XP level 6. HP: 34/55 MP: 6/6
  2419 | D:3      | Noticed Grinder
  2432 | D:3      | Killed Grinder
  2433 | D:3      | Reached skill level 5 in Fighting
  2433 | D:3      | Reached skill level 6 in Axes
  2433 | D:3      | Reached XP level 7. HP: 37/61 MP: 7/7
  3006 | D:4      | Found a white marble altar of Elyvilon.
  3105 | D:4      | Reached skill level 7 in Axes
  3105 | D:4      | Reached skill level 5 in Armour
  3105 | D:4      | Reached skill level 5 in Shields
  3396 | D:4      | Noticed Menkaure
  3408 | D:4      | Killed Menkaure
  3954 | D:5      | Entered Level 5 of the Dungeon
  3954 | D:5      | Found Ashreisugg's Jewellery Emporium.
  4075 | D:5      | Noticed a hornet
  4080 | D:5      | Paralysed by a hornet for 2 turns
  4084 | D:5      | Slain by a hornet

Illustrated notes

Levels and vault maps discovered:
D:1:      doesnt_arrival_eight_statues, layout_loops_ring,
          hellmonk_ecumenical_altar_crossroads, serial_shops, shop_fountains
D:2:      minmay_evil_eye, layout_rooms, serial_curves, eino_curves_02,
          eino_curves_01, serial_shops, nicolae_shop_advertising_works
          [nicolae_subvault_shop_adworks], serial_park_tiny_pond
D:3:      layout_loops_ring, kennysheep_donut, uniq_sigmund, uniq_grinder,
          uniq_robin
D:4:      layout_basic, kennysheep_mini_moat, uniq_menkaure
D:5:      layout_basic, nicolae_ossuary_entry_giza, serial_shops,
          nicolae_lakefront_shop, nicolae_shop_bloodbath_and_beyond,
          nicolae_shop_hallway_stairs, nicolae_square_shop,
          nicolae_shop_statue_plus

Skill      XL: |  1  2  3  4  5  6  7 |
---------------+----------------------+-----
Axes           | 3 4 5 6 7 |  7.4
Fighting       | 4 5 |  5.7
Armour         | 4 5 |  5.2
Shields        | 4 5 |  5.2

Action                   |  1- 3 |  4- 6 |  7- 9 || total
-------------------------+-------+-------+-------++-------
Melee: War axe           |    82 |    75 |    66 ||   223
Evoke: Wand              |       |       |     2 ||     2
  Use: Potion            |       |       |     2 ||     2
       Scroll            |       |       |     1 ||     1
Armor: Scale mail        |    39 |    41 |    20 ||   100
Dodge: Dodged            |    39 |    39 |    21 ||    99
Block: Buckler           |    16 |    23 |    15 ||    54

Table legend: (Time is in decaauts)
 A = Elapsed time spent in this place.
 B = Non-inter-level travel time spent in this place.
 C = Inter-level travel time spent in this place.
 D = Time resting spent in this place.
 E = Time spent auto-exploring this place.
 F = Levels seen in this place.
 G = Mean time per level.
                   A        B        C        D        E       F      G
               +--------+--------+--------+--------+--------+-----+--------+
         Total |   4156 |   3802 |    354 |    254 |   2932 |   5 |  831.2 |
       Dungeon |   4156 |   3802 |    354 |    254 |   2932 |   5 |  831.2 |
               +--------+--------+--------+--------+--------+-----+--------+

Top non-repeatable levels by time:
     D:3: 1269 daAuts
     D:2: 948 daAuts
     D:4: 923 daAuts
     D:1: 881 daAuts
     D:5: 133 daAuts
